 Dungeon Crawl Stone Soup version 0.21-a0-85-ga0cb861 (webtiles) character file.

4732 nikopol the Thaumaturge (level 10, -9/51 HPs)
             Began as a Deep Elf Fire Elementalist on June 25, 2017.
             Was a Believer of Vehumet.
             Killed from afar by a raiju (12 damage)
             ... with a living lightning
             ... on level 1 of the Abyss.
             The game lasted 00:49:57 (10487 turns).

nikopol the Thaumaturge (DEFE)                     Turns: 10487, Time: 00:49:58

Health: -9/51      AC: 10    Str:  5      XL:     10   Next: 22%
Magic:  19/28      EV: 13    Int: 24      God:    Vehumet [**....]
Gold:   380        SH:  4    Dex: 14 (15) Spells: 17/33 levels left

rFire    . . .     SeeInvis .   q - +3 whip (drain)
rCold    . . .     Gourm    .   (no shield)
rNeg     . . .     Faith    .   S - +2 robe {MR+}
rPois    .         Spirit   .   H - +2 hat
rElec    .         Reflect  +   E - scarf {repulsion}
rCorr    .         Harm     .   x - +1 pair of gloves
MR       ++...                  J - +1 pair of boots
Stlth    +++.......             h - +4 amulet of reflection
HPRegen  0.17/turn              n - ring of wizardry
MPRegen  0.21/turn              L - ring of wizardry

@: slowed, repel missiles, very slow
A: no striking features
a: Renounce Religion


You were on level 1 of the Abyss.
You worshipped Vehumet.
Vehumet was pleased with you.
You were very hungry.

You visited 2 branches of the dungeon, and saw 10 of its levels.
You visited the Abyss 1 time.

You collected 470 gold pieces.
You spent 90 gold pieces at shops.

Inventory:

Hand Weapons
 q - a +3 whip of draining (weapon)
Armour
 a - a +0 robe
 x - a +1 pair of gloves (worn)
 E - a scarf of repulsion (worn)
 H - a +2 hat (worn)
 J - a +1 pair of boots (worn)
 S - a +2 robe of magic resistance (worn)
Jewellery
 h - a +4 amulet of reflection (around neck)
 n - a ring of wizardry (left hand)
 L - a ring of wizardry (right hand)
Wands
 k - a wand of confusion (26/48)
 F - a wand of confusion (20/48)
 N - a wand of lightning (10/15)
 P - a wand of enslavement (13/24)
 Q - a wand of paralysis (24/24)
Scrolls
 f - a scroll of identify
 g - 4 scrolls of recharging
 i - 5 scrolls of amnesia
 j - 3 scrolls of fog
 l - 2 scrolls of blinking
 o - 3 scrolls of teleportation
 p - a scroll of enchant weapon
 r - 2 scrolls of magic mapping {unknown}
 v - 2 scrolls of noise {unknown}
 w - 4 scrolls of remove curse
 y - a scroll of immolation {unknown}
 D - a scroll of random uselessness {unknown}
Potions
 d - a potion of lignification {unknown}
 e - a potion of flight {unknown}
 m - 2 potions of invisibility
 s - 5 potions of curing
 t - 2 potions of brilliance {unknown}
 u - a potion of magic {unknown}
 z - 3 potions of haste {unknown}
 B - 4 potions of mutation {unknown}
 G - 3 potions of resistance
 I - 2 potions of agility {unknown}
 M - 2 potions of heal wounds {unknown}
 O - a potion of berserk rage {unknown}
Books
 b - a book of Flames

   Spells                             Type                      Level
   a - Flame Tongue                   Conjuration/Fire             1
   b - Throw Flame                    Conjuration/Fire             2
   c - Conjure Flame                  Conjuration/Fire             3
   d - Inner Flame                    Hexes/Fire                   3
   e - Sticky Flame                   Conjuration/Fire             4
   f - Fireball                       Conjuration/Fire             5
Comestibles
 c - 9 bread rations
 A - 4 meat rations
 C - 6 fruits
 K - 3 royal jellies


   Skills:
 + Level 0.8 Fighting
 + Level 0.2 Maces & Flails
 + Level 3.2 Dodging
 + Level 4.1 Stealth
 + Level 12.0 Spellcasting
 + Level 8.8 Conjurations
 + Level 9.3 Fire Magic
 + Level 1.5 Ice Magic


You had 17 spell levels left.
You knew the following spells:

 Your Spells              Type           Power        Failure   Level  Hunger
a - Flame Tongue          Conj/Fire      #####        1%          1    None
b - Throw Flame           Conj/Fire      ######       1%          2    None
c - Conjure Flame         Conj/Fire      ######..     1%          3    None
d - Fireball              Conj/Fire      ######....   1%          5    ###....
e - Throw Frost           Conj/Ice       #####.       1%          2    None
f - Ignite Poison         Fire/Tmut/Pois ####....     1%          3    None


Dungeon Overview and Level Annotations

Branches:
Dungeon (9/15)             Temple (1/1) D:4
   Lair: D:8-11         Orc: D:9-12

Altars:
Cheibriados
Dithmenos
Elyvilon
Fedhas
Gozag
Kikubaaqudgha
Nemelex Xobeh
Okawaru
Ru
Trog
Uskayaw
Vehumet
Wu Jian
Xom
Yredelemnul
Zin
The Shining One

Annotations:
D:8 Joseph
D:9 Erolcha


Message History

You block something's attack.
A raiju comes into view.
Casting: Flame Tongue
Confirm with . or Enter, or press ? or * to list all spells.
Okay, then.
Casting: Flame Tongue
Confirm with . or Enter, or press ? or * to list all spells.
Aiming: Throw Flame
Press: ? - help, Shift-Dir - straight line, f - raiju
Aim: a raiju (hasn't noticed you)
The puff of flame hits the raiju.
The raiju is moderately wounded.
The raiju barks!
Something hits you!
* * * LOW HITPOINT WARNING * * *
Something drains your vigour!
You feel as though you will be slow longer.
The raiju bursts into living lightning!
The living lightning hits you!
You die...

#...# .#.. #...#.
# . # . #...#
#... #...# # ..
#...# # #
.########...##
.............#
.......{....##..
.
........@.......
.
..h...........#..
. ..
................
.
.................
.
.......####......
....... ......
....... .....
####### ....


You could see a raiju.

Vanquished Creatures
  Psyche (D:8)
  A hippogriff (D:7)
  A hungry ghost (D:8)
  Eustachio (D:6)
  Menkaure (D:6)
  3 ice beasts
  A phantom (D:5)
  3 sky beasts
  3 centaurs
  6 ogres
  A crocodile (D:8)
  5 bullfrogs
  A wyvern zombie (D:6)
  A water moccasin zombie (D:7)
  3 scorpions
  3 killer bees (D:7)
  5 wights (D:8)
  5 howler monkeys
  3 electric eels (D:7)
  3 crimson imps (D:8)
  4 jellies
  A quasit (Abyss:1)
  2 centaur zombies
  4 orc priests
  3 hounds (D:6)
  2 iguanas
  Jessica (D:2)
  4 orc wizards
  4 worker ants
  2 hound zombies
  A hound skeleton (D:5)
  A howler monkey zombie (D:7)
  A worker ant zombie (D:8)
  4 gnolls
  A howler monkey skeleton (D:5)
  11 adders
  A shadow imp (D:8)
  An adder skeleton (D:5)
  3 worms
  A dart slug (D:3)
  4 leopard geckos
  24 orcs
  3 giant cockroaches
  11 hobgoblins
  18 jackals
  10 kobolds
  7 quokkas
  3 ball pythons
  11 bats
  11 frilled lizards
  7 goblins
  2 quokka zombies
  7 rats
221 creatures vanquished.

Vanquished Creatures (others)
  3 plants
3 creatures vanquished.

Grand Total: 224 creatures vanquished

Notes
Turn   | Place    | Note
-------+----------+-------------------------------------------
     0 | D:1      | nikopol the Deep Elf Fire Elementalist began the quest for the Orb.
     0 | D:1      | Reached XP level 1. HP: 10/10 MP: 6/6
   345 | D:1      | Reached XP level 2. HP: 15/15 MP: 1/8
   956 | D:1      | Learned a level 2 spell: Throw Flame
  1057 | D:2      | Reached XP level 3. HP: 19/19 MP: 8/10
  1062 | D:2      | Learned a level 3 spell: Conjure Flame
  1236 | D:2      | Reached skill level 4 in Spellcasting
  1624 | D:2      | Noticed Jessica
  1628 | D:2      | Killed Jessica
  1628 | D:2      | Reached XP level 4. HP: 24/24 MP: 5/12
  1750 | D:2      | Found a white marble altar of Elyvilon.
  2535 | D:3      | Found a basalt altar of Yredelemnul.
  2644 | D:3      | Reached XP level 5. HP: 28/28 MP: 10/14
  2651 | D:3      | Learned a level 5 spell: Fireball
  2690 | D:3      | Found an ancient bone altar of Kikubaaqudgha.
  2768 | D:3      | Reached skill level 5 in Spellcasting
  3254 | D:3      | Reached skill level 5 in Fire Magic
  3486 | D:4      | Reached XP level 6. HP: 32/32 MP: 10/16
  3670 | D:4      | Found an ornate altar of the Wu Jian Council.
  3774 | D:4      | Found a staircase to the Ecumenical Temple.
  3783 | Temple   | Entered the Ecumenical Temple
  3800 | Temple   | Became a worshipper of Vehumet
  3946 | D:4      | Found a sparkling altar of Nemelex Xobeh.
  4112 | D:5      | Entered Level 5 of the Dungeon
  4146 | D:5      | Reached skill level 6 in Spellcasting
  4295 | D:5      | Found a glowing silver altar of Zin.
  4296 | D:5      | Found Zin's Purification Station.
  4329 | D:5      | Bought a potion of curing for 90 gold pieces
  4690 | D:5      | Reached XP level 7. HP: 30/36 MP: 10/18
  5268 | D:5      | Reached skill level 7 in Spellcasting
  5445 | D:5      | Reached skill level 5 in Conjurations
  5602 | D:5      | Reached * piety under Vehumet
  5602 | D:5      | Offered knowledge of Sting by Vehumet.
  5796 | D:5      | Reached XP level 8. HP: 41/41 MP: 17/21
  6167 | D:6      | Noticed Eustachio
  6198 | D:6      | Killed Eustachio
  6198 | D:6      | Reached skill level 8 in Spellcasting
  6324 | D:6      | Noticed Menkaure
  6331 | D:6      | Killed Menkaure
  6670 | D:6      | Reached skill level 9 in Spellcasting
  6948 | D:6      | Found an iron altar of Okawaru.
  7483 | D:7      | Reached XP level 9. HP: 46/46 MP: 10/24
  7631 | D:7      | Reached ** piety under Vehumet
  7631 | D:7      | Offered knowledge of Throw Frost by Vehumet.
  7631 | D:7      | Reached skill level 10 in Spellcasting
  8146 | D:7      | Found a bloodstained altar of Trog.
  8217 | D:6      | Noticed a rust devil
  8217 | D:6      | Noticed a rust devil
  8598 | D:8      | Found a blossoming altar of Fedhas.
  8834 | D:7      | Learned a level 2 spell: Throw Frost
  8872 | D:7      | Reached skill level 11 in Spellcasting
  9379 | D:8      | Noticed Joseph
  9587 | D:8      | Noticed Psyche
  9592 | D:8      | Killed Psyche
  9592 | D:8      | Reached skill level 1 in Ice Magic
  9592 | D:8      | Reached XP level 10. HP: 49/51 MP: 19/27
  9899 | D:8      | Offered knowledge of Ignite Poison by Vehumet.
  9904 | D:8      | Learned a level 3 spell: Ignite Poison
 10300 | D:8      | Reached skill level 12 in Spellcasting
 10351 | D:9      | Noticed Erolcha
 10385 | D:9      | Cast into level 1 of the Abyss (Erolcha)
 10487 | Abyss:1  | Killed from afar by a raiju

Vault maps used:
D:1:      lightli_arrival_flooded_house
D:2:      lemuel_coloured_pillars_altar, hangedman_decor_push,
          minmay_misc_feat_room, uniq_jessica
D:3:      nicolae_overflow_crystal_walls, lemuel_doored_altar
D:4:      lemuel_round_altar, minmay_temple_entry_poolview, first_bread,
          nemelex_lonely_heart_becter
D:5:      zin_purify, minmay_joined_circles
D:6:      cheibrodos_iron_armory, okawaru_metal_pillars_1_2,
          serial_bayou_crossing, uniq_eustachio, uniq_menkaure
D:7:      kennysheep_mini, chequers_big_river
D:8:      fedhas_altar_2, uniq_psyche, uniq_joseph
D:9:      uniq_erica, uniq_erolcha
Temple:   zaba_magenta_temple

Skill      XL: |  1  2  3  4  5  6  7  8  9 10 |
---------------+-------------------------------+-----
Conjurations   | 2 3 4 5 6 8 |  8.8
Spellcasting   | 4 5 6 7 9 11 12 | 12.0
Fire Magic     | 4 5 6 7 9 |  9.3
Stealth        | 3 4 |  4.1
Dodging        | 3 |  3.2
Ice Magic      | 1 |  1.5
Fighting       | |  0.8
Maces & Flails | |  0.2

Action                   |  1- 3 |  4- 6 |  7- 9 | 10-12 || total
-------------------------+-------+-------+-------+-------++-------
Melee: Whip              |       |     2 |     1 |       ||     3
 Cast: Flame Tongue      |    85 |   106 |   144 |    35 ||   370
       Throw Flame       |     5 |    36 |    91 |    16 ||   148
       Conjure Flame     |       |     3 |     7 |     1 ||    11
       Fireball          |       |       |    15 |     1 ||    16
       Throw Frost       |       |       |     4 |     2 ||     6
  Use: Scroll            |       |       |    14 |     2 ||    16
  Eat: Chunk             |     1 |     9 |    18 |     3 ||    31
Armor: Robe              |     6 |     1 |    10 |    15 ||    32
Dodge: Dodged            |    20 |    13 |    23 |    27 ||    83
       Deflected         |       |     2 |     2 |       ||     4
Block: Other             |       |       |     1 |     8 ||     9
